 Dungeon Crawl Stone Soup version 0.24.1-11-gbbbb2193e6 (webtiles) character file.

Game seed: 13441933690411133349, levelgen mode: deterministic

22959 Gwenloh the Frost Mage (level 13, -3/99 HPs)
             Began as a Merfolk Ice Elementalist on May 12, 2020.
             Was an Elder of Vehumet.
             Slain by an eight-headed hydra (6 damage)
             ... on level 3 of the Lair of Beasts.
             The game lasted 02:03:57 (19632 turns).

Gwenloh the Frost Mage (Merfolk Ice Elementalist)  Turns: 19632, Time: 02:04:00

Health: -3/99      AC:  9    Str:  9    XL:     13   Next: 3%
Magic:  10/25      EV: 20    Int: 28    God:    Vehumet [****..]
Gold:   746        SH:  7    Dex: 14    Spells: 4/28 levels left

rFire    . . .     SeeInvis .   z - +10 flail of Byceown {crush, *Noise *Slow rElec Int+5}
rCold    + . .     Gourm    .   y - +2 buckler {rPois}
rNeg     + + .     Faith    .   a - +1 robe
rPois    +         Spirit   .   r - +1 hat {MR+}
rElec    +         Reflect  .   E - +2 cloak of Life {-Tele +Inv rF+ rN++}
rCorr    .         Harm     .   (no gloves)
MR       +....     NoTele   +   V - +1 pair of boots
Stlth    ++........             (no amulet)
HPRegen  0.26/turn              H - ring of ice
MPRegen  0.19/turn              J - +4 ring of intelligence

@: no status effects
A: change form in water, swift swim, stealthy swim
a: Renounce Religion, Evoke Invisibility


You were on level 3 of the Lair of Beasts.
You worshipped Vehumet.
Vehumet was greatly pleased with you.
You were very hungry.

You visited 3 branches of the dungeon, and saw 13 of its levels.

You collected 768 gold pieces.
You spent 22 gold pieces at shops.

Inventory:

Hand Weapons
 z - the +10 flail of Byceown (weapon) {crush, *Noise *Slow rElec Int+5}
   (You found it on level 1 of the Lair of Beasts)

   It inflicts extra damage upon your enemies.
   It affects your intelligence (+5).
   It insulates you from electricity.
   It may make noises in combat.
   It may slow you when you take damage.
 S - the +6 falchion "Fonam" {venom, *Drain +Fly Str+2}
   (You found it on level 7 of the Dungeon)

   It poisons the flesh of those it strikes.
   It affects your strength (+2).
   It lets you fly.
   It causes draining when unequipped.
Missiles
 g - 3 throwing nets
 m - 323 stones
 C - 5 javelins
 F - an atropa-tipped dart
 G - 36 poisoned darts
 O - 2 boomerangs (quivered)
 Y - 4 silver javelins
Armour
 a - a +1 robe (worn)
 r - a +1 hat of magic resistance (worn)
 y - a +2 buckler of poison resistance (worn)
 E - the +2 cloak of Life (worn) {-Tele +Inv rF+ rN++}
   (You found it on level 5 of the Dungeon)

   It protects you from fire.
   It greatly protects you from negative energy.
   It lets you turn invisible.
   It prevents most forms of teleportation.
 V - a +1 pair of boots (worn)
Magical Staves
 f - an uncursed staff of earth
Jewellery
 v - an uncursed ring of fire
 w - an uncursed ring of positive energy {unknown}
 H - a ring of ice (left hand)
 J - a +4 ring of intelligence (right hand)
 K - an uncursed ring of protection from fire
 N - an uncursed ring of stealth
 T - an uncursed ring of protection from fire
Wands
 q - a wand of random effects (20)
 x - a wand of digging (11)
 P - a wand of acid (11)
 W - a wand of polymorph (3)
Scrolls
 b - a scroll of magic mapping
 e - 11 scrolls of teleportation
 i - a scroll of silence
 j - 6 scrolls of remove curse
 l - a scroll of noise
 n - a scroll of amnesia
 o - a scroll of immolation
 I - a scroll of enchant weapon
 L - a scroll of fog
 X - 2 scrolls of blinking
Potions
 d - a potion of resistance {unknown}
 h - 8 potions of curing
 k - a potion of cancellation {unknown}
 p - 2 potions of might {unknown}
 s - 2 potions of mutation {unknown}
 t - 5 potions of flight {unknown}
 u - a potion of lignification {unknown}
 A - a potion of berserk rage {unknown}
 B - a potion of invisibility {unknown}
 M - 2 potions of ambrosia {unknown}
 U - 2 potions of heal wounds {unknown}
Comestibles
 c - 20 rations
 D - 3 chunks of flesh


   Skills:
 + Level 8.6 Fighting
 * Level 11.6 Dodging
 - Level 2.1 Stealth
 - Level 5.0 Shields
 * Level 8.4 Spellcasting
 + Level 5.3 Conjurations
 - Level 2.7 Charms
 - Level 3.3 Summonings
 + Level 12.1 Ice Magic
 + Level 5.1 Air Magic


You had 4 spell levels left.
You knew the following spells:

 Your Spells              Type           Power        Failure   Level  Hunger
a - Freeze                Ice            ####         1%          1    None
b - Lightning Bolt        Conj/Air       #####.....   4%          5    ####...
c - Ozocubu's Armour      Chrm/Ice       ######..     1%          3    None
d - Summon Ice Beast      Ice/Summ       ######..     1%          4    #......
e - Throw Icicle          Conj/Ice       ######..     1%          4    #......
f - Shock                 Conj/Air       ####         1%          1    None
g - Freezing Cloud        Conj/Ice/Air   ######....   9%          6    ######.

Your spell library contained the following spells:

 Spells                   Type           Power        Failure   Level  Hunger
 Sting                    Conj/Pois      ####         1%          1    None
 Summon Butterflies       Summ           ####....     1%          1    None
 Throw Frost              Conj/Ice       ######       1%          2    None
 Conjure Flame            Conj/Fire      ####....     1%          3    None
 Mephitic Cloud           Conj/Pois/Air  ####....     1%          3    None
 Poisonous Vapours        Pois/Air       ####..       2%          2    None
 Apportation              Tloc           ##....       4%          1    None
 Olgreb's Toxic Radiance  Pois           ##......     13%         4    #......
 Lesser Beckoning         Tloc           ##........   14%         3    None
 Tukima's Dance           Hex            ##......     14%         3    None
 Venom Bolt               Conj/Pois      ####......   12%         5    ####...
 Alistair's Intoxication  Tmut/Pois      ##......     78%         5    ####...
 Invisibility             Hex            ##......     100%        6    ######.
 Ring of Flames           Chrm/Fire      ###.......   100%        7    #######


Dungeon Overview and Level Annotations

Branches:
Dungeon (8/15)             Temple (1/1) D:5            Lair (4/6) D:8
  Snake (0/4) Lair:3
  Swamp: Lair:2-4    Shoals: Lair:2-4

Altars:
Ashenzari
Cheibriados
Dithmenos
Elyvilon
Fedhas
Gozag
Hepliaklqana
Kikubaaqudgha
Makhleb
Nemelex Xobeh
Okawaru
Qazlal
Ru
Sif Muna
Trog
Uskayaw
Vehumet
Wu Jian
Xom
Yredelemnul
Zin

Shops:
D:7 *(


Message History

* * * LOW HITPOINT WARNING * * *
The eight-headed hydra bites you but does no damage.
The eight-headed hydra bites you!
* * * LOW HITPOINT WARNING * * *
Okay, then.
Okay, then.
You feel better.
Your icy armour cracks and falls away as you move.
The eight-headed hydra is engulfed in freezing vapours.
You block the eight-headed hydra's attack.
The eight-headed hydra completely misses you.
The eight-headed hydra barely misses you.
The eight-headed hydra bites you.
* * * LOW HITPOINT WARNING * * *
The eight-headed hydra bites you.
* * * LOW HITPOINT WARNING * * *
The eight-headed hydra bites you but does no damage.
You block the eight-headed hydra's attack.
The eight-headed hydra bites you.
You die...

#...................≈≈
##..................♣.
##....................
#.........PP..P.###...
##........####### ##..
##.........# ###
#P.........#
##§§D......#
##§☼§@....##
#.§§§.....##
##.§.......#
#.........##
#P........##
#..........#
#.........##
#.........#
#.........#


You could see an eight-headed hydra.

Vanquished Creatures
  A hydra (Lair:3)
  Erica (D:8)
  4 death yaks
  6 elephants
  Joseph (D:8)
  3 spiny frogs
  3 komodo dragons
  6 blink frogs
  5 hippogriffs
  21 yaks
  2 swamp worms (Lair:1)
  11 water moccasins
  8 porcupines
  6 black bears
  3 orc warriors
  A sky beast (D:6)
  2 ice beasts
  A phantom (D:8)
  3 ogres
  A centaur (D:8)
  3 crocodiles
  11 bullfrogs
  A gnoll sergeant (D:5)
  2 scorpions (D:6)
  3 killer bees (D:8)
  A howler monkey (D:7)
  An electric eel (Lair:2)
  4 crimson imps
  A quasit (D:3)
  A bullfrog zombie (D:6)
  4 hounds
  4 orc priests
  A centaur skeleton (D:7)
  3 jellies
  2 bullfrog skeletons
  7 orc wizards
  Crazy Yiuf (D:2)
  2 iguanas
  Natasha (D:3)
  6 worker ants
  5 gnolls (D:5)
  7 adders
  2 shadow imps
  6 white imps (Lair:2)
  2 oozes
  2 adder skeletons
  2 adder zombies
  3 worms
  A dart slug (D:1)
  3 leopard geckos
  38 orcs
  7 giant cockroaches
  8 goblins
  3 hobgoblins
  9 jackals
  13 kobolds
  4 quokkas
  3 ball pythons
  4 bats
  5 frilled lizards
  2 leopard gecko skeletons
  A quokka skeleton (D:6)
  3 rats
  A fungus (D:2)
282 creatures vanquished.

Vanquished Creatures (collateral kills)
  Gastronok (D:8)
  A two-headed ogre (D:7)
  An unseen horror (D:8)
  A torpor snail (Lair:3)
  A spiny frog (Lair:2)
  A komodo dragon (Lair:3)
  A polar bear (Lair:3)
  4 blink frogs
  6 yaks (Lair:3)
  2 basilisks
  A swamp worm (Lair:1)
  An ogre (D:7)
  A phantom (D:6)
  A crocodile (Lair:3)
  A big kobold (D:8)
  4 bullfrogs
  6 killer bees
  3 howler monkeys (D:8)
  A quasit (D:6)
  A crimson imp (D:8)
  An orc priest (D:7)
  2 orc wizards
  A howler monkey zombie (D:8)
  6 white imps (Lair:2)
  An adder zombie (D:8)
  3 orcs
  A jackal (D:8)
  2 kobolds (D:8)
56 creatures vanquished.

Vanquished Creatures (others)
  2 bushes (Lair:2)
  30 fungi
  27 plants
59 creatures vanquished.

Grand Total: 397 creatures vanquished

Notes
Turn   | Place    | Note
-------+----------+-------------------------------------------
     0 | D:1      | Gwenloh the Merfolk Ice Elementalist began the quest for
                  | the Orb.
     0 | D:1      | Reached XP level 1. HP: 13/13 MP: 3/3
   275 | D:1      | Reached XP level 2. HP: 10/20 MP: 0/5
   433 | D:1      | Learned a level 2 spell: Throw Frost
  1135 | D:2      | Reached skill level 1 in Fighting
  1135 | D:2      | Reached XP level 3. HP: 26/26 MP: 4/6
  1440 | D:2      | Reached skill level 4 in Ice Magic
  1521 | D:2      | Reached XP level 4. HP: 25/32 MP: 2/7
  1987 | D:2      | Learned a level 3 spell: Ozocubu's Armour
  2691 | D:2      | Found a runed translucent door.
  2692 | D:2      | Noticed Crazy Yiuf
  2700 | D:2      | Killed Crazy Yiuf
  2700 | D:2      | Reached XP level 5. HP: 29/38 MP: 1/9
  2828 | D:3      | Reached skill level 1 in Charms
  2939 | D:3      | Found a sparkling altar of Nemelex Xobeh.
  3079 | D:3      | Reached skill level 5 in Ice Magic
  3330 | D:2      | Reached XP level 6. HP: 7/44 MP: 1/10
  3612 | D:3      | Noticed Natasha
  3621 | D:3      | Killed Natasha
  4071 | D:3      | Found a bloodstained altar of Trog.
  4807 | D:4      | Noticed an ice beast
  4822 | D:4      | Killed an ice beast
  4822 | D:4      | Reached XP level 7. HP: 26/51 MP: 8/12
  4969 | D:4      | Learned a level 4 spell: Summon Ice Beast
  5364 | D:5      | Entered Level 5 of the Dungeon
  5493 | D:5      | Reached skill level 6 in Ice Magic
  5530 | D:5      | Reached skill level 5 in Dodging
  6152 | D:5      | Found a staircase to the Ecumenical Temple.
  6343 | D:4      | Found a burning altar of Makhleb.
  6360 | D:5      | HP: 2/52 [gnoll/+1 whip of distortion (12)]
  6735 | D:5      | Got a faintly glowing cloak
  6741 | D:5      | Identified the +2 cloak of Life {-Tele +Inv rF+ rN++} (You
                  | found it on level 5 of the Dungeon)
  6749 | D:5      | Reached skill level 1 in Summonings
  6749 | D:5      | Reached XP level 8. HP: 58/58 MP: 2/13
  7604 | D:6      | Reached skill level 7 in Ice Magic
  8007 | Temple   | Entered the Ecumenical Temple
  8131 | Temple   | Became a worshipper of Vehumet
  9163 | D:6      | Reached XP level 9. HP: 31/66 MP: 2/15
  9527 | D:6      | Reached skill level 8 in Ice Magic
  9812 | D:7      | Reached * piety under Vehumet
  9812 | D:7      | Offered knowledge of Shock by Vehumet.
  9864 | D:7      | Learned a level 4 spell: Throw Icicle
  9866 | D:7      | Learned a level 1 spell: Shock
 10012 | D:7      | Got a dazzling falchion
 10021 | D:7      | Identified the +6 falchion "Fonam" {venom, *Drain +Fly
                  | Str+2} (You found it on level 7 of the Dungeon)
 10064 | D:7      | Reached skill level 5 in Fighting
 10297 | D:7      | Found Ameim's Antique Weapon Boutique.
 10349 | D:7      | Found Pyoch's General Store.
 10360 | D:7      | Bought a scroll of identify for 22 gold pieces
 10422 | D:7      | Noticed a two-headed ogre
 10425 | D:7      | Reached skill level 5 in Spellcasting
 10437 | D:7      | Killed a two-headed ogre
 10437 | D:7      | Reached skill level 1 in Shields
 10437 | D:7      | Reached skill level 1 in Conjurations
 10804 | D:7      | Found a sacrificial altar of Ru.
 10804 | D:7      | Found an opulent altar of Gozag.
 10839 | D:7      | Reached skill level 1 in Air Magic
 10991 | D:8      | Reached skill level 9 in Ice Magic
 11012 | D:8      | Found a blossoming altar of Fedhas.
 11185 | D:8      | Reached XP level 10. HP: 76/76 MP: 10/18
 11245 | D:8      | Reached ** piety under Vehumet
 11245 | D:8      | Offered knowledge of Throw Flame by Vehumet.
 11339 | D:8      | Noticed Erica
 11352 | D:8      | Killed Erica
 11612 | D:8      | Found a staircase to the Lair.
 11755 | D:8      | Found an ancient bone altar of Kikubaaqudgha.
 11758 | D:8      | Found a hide-covered altar of Uskayaw.
 11788 | D:8      | Offered knowledge of Dazzling Spray by Vehumet.
 11802 | D:8      | Killed an unseen horror
 11828 | D:8      | Noticed Gastronok
 12239 | D:8      | Reached skill level 10 in Ice Magic
 12296 | D:8      | Killed Gastronok
 12494 | D:8      | Noticed Joseph
 12709 | D:8      | Reached *** piety under Vehumet
 12709 | D:8      | Reached XP level 11. HP: 83/83 MP: 12/20
 12776 | D:8      | Killed Joseph
 13336 | Lair:1   | Entered Level 1 of the Lair of Beasts
 13352 | Lair:1   | Learned a level 6 spell: Freezing Cloud
 14591 | Lair:1   | Reached skill level 11 in Ice Magic
 14595 | Lair:1   | Offered knowledge of Airstrike by Vehumet.
 14693 | Lair:1   | You fall into a shaft and drop 1 floor!
 14699 | Lair:2   | Noticed a death yak
 14700 | Lair:2   | Noticed a death yak
 14700 | Lair:2   | Noticed a death yak
 14702 | Lair:2   | Noticed a death yak
 14730 | Lair:1   | Killed a death yak
 15157 | Lair:1   | Got a twisted flail
 15158 | Lair:1   | Identified the +10 flail of Byceown {crush, *Noise *Slow
                  | rElec Int+5} (You found it on level 1 of the Lair of
                  | Beasts)
 15590 | Lair:2   | Reached **** piety under Vehumet
 15938 | Lair:2   | You fall into a shaft and drop 2 floors!
 16335 | Lair:3   | Reached skill level 5 in Shields
 16336 | Lair:3   | Offered knowledge of Lightning Bolt by Vehumet.
 16338 | Lair:3   | Reached XP level 12. HP: 79/91 MP: 10/22
 16413 | Lair:3   | Learned a level 5 spell: Lightning Bolt
 16704 | Lair:2   | Killed a death yak
 16704 | Lair:2   | Reached skill level 10 in Dodging
 16739 | Lair:2   | Killed a death yak
 16740 | Lair:2   | Killed a death yak
 18309 | Lair:2   | Reached skill level 5 in Conjurations
 18753 | Lair:3   | Found a staircase to the Snake Pit.
 18908 | Lair:3   | Noticed a seven-headed hydra
 18918 | Lair:3   | Reached skill level 12 in Ice Magic
 19372 | Lair:3   | Killed a seven-headed hydra
 19372 | Lair:3   | Reached skill level 5 in Air Magic
 19586 | Lair:4   | Reached XP level 13. HP: 99/99 MP: 20/25
 19630 | Lair:3   | HP: 2/99 [eight-headed hydra (8)]
 19632 | Lair:3   | Slain by an eight-headed hydra

Levels and vault maps discovered:
D:1:      dpeg_arrival_arbitrary_c, layout_loops_ring, kennysheep_small_spiral,
          chequers_jeans
D:2:      cheibrodos_pilgrimage, layout_loops_corners, uniq_crazy_yiuf_cottage
D:3:      layout_loops_ring, lemuel_doored_altar, trog_book, uniq_natasha
D:4:      layout_loops_cross, nicolae_overflow_hidden_temple, first_ration
D:5:      layout_loops_corners, minmay_temple_entry_from_below_a,
          grunt_ministairs_2
D:6:      layout_basic, serial_co_window_serial, co_window_of_opportunity_a,
          co_window_paths_a, co_window_corner_a, co_window_corner_a,
          co_window_paths_b, co_window_of_opportunity_a, co_window_corner_a,
          co_window_of_opportunity_c, co_window_cross_3, co_window_2corner,
          co_window_2corner, co_window_2corner, co_window_2corner,
          glass_columns_a, glass_columns_a, minivault_5
D:7:      layout_rooms, gammafunk_temple_overflow_elements, serial_shops, shop,
          nicolae_shop_window_shopping, grunt_ogre_cave, minmay_shattered_shrine
D:8:      minmay_bloctagon_deflated, layout_basic, grunt_temple_overflow_open,
          lemuel_crystal_altar, due_lair_maze_entry_diamond, uniq_erica,
          uniq_gastronok, uniq_joseph
Temple:   jpeg_temple_clearing
Lair:1:   layout_cave_pods, worms_lemuel
Lair:2:   layout_layer_cave, portal_ice_cave_entry_imps, columned_hall_lemuel,
          serial_bayou_shore_a
Lair:3:   layout_big_grid, dummy_snake_entry, lemuel_fruit_tree,
          serial_bayou_shore_b, grunt_megastairs_2
Lair:4:   layout_gridlike, elwin_shoals_entry_rooms, st_stairs_9,
          grunt_megastairs_5, minmay_lair_oklob_chamber

Skill      XL: |  1  2  3  4  5  6  7  8  9 10 11 12 |
---------------+-------------------------------------+-----
Dodging        | 3 4 5 6 7 8 9 11 | 11.6
Fighting       | 1 2 3 4 5 6 7 8 |  8.6
Ice Magic      | 4 5 6 7 9 10 11 12 | 12.1
Charms         | 1 2 |  2.7
Spellcasting   | 3 4 5 6 8 |  8.4
Summonings     | 1 2 3 |  3.3
Shields        | 2 3 5 |  5.0
Conjurations   | 1 3 4 5 |  5.3
Air Magic      | 1 2 4 5 |  5.1
Stealth        | |  2.1

Action                   |  1- 3 |  4- 6 |  7- 9 | 10-12 | 13-15 || total
-------------------------+-------+-------+-------+-------+-------++-------
Melee: Spear             |    10 |       |       |       |       ||    10
       Dagger            |     1 |    29 |       |       |       ||    30
       Quarterstaff      |       |    52 |   147 |       |       ||   199
       Falchion          |       |       |    33 |   128 |       ||   161
       Flail             |       |       |       |   188 |     9 ||   197
       Tailslap          |       |       |       |     3 |       ||     3
Throw: Stone             |    19 |    62 |    23 |       |       ||   104
       Dart              |     1 |     1 |   104 |    62 |     4 ||   172
       Boomerang         |       |    56 |    14 |     1 |     2 ||    73
       Javelin           |       |     9 |    25 |     6 |       ||    40
 Cast: Freeze            |    34 |    47 |    55 |    30 |       ||   166
       Ozocubu's Armour  |       |    13 |    42 |    51 |     2 ||   108
       Throw Frost       |       |       |    32 |    37 |       ||    69
       Summon Ice Beast  |       |       |    14 |    28 |     1 ||    43
       Throw Icicle      |       |       |     2 |    23 |     2 ||    27
       Shock             |       |       |       |    16 |       ||    16
       Freezing Cloud    |       |       |       |    11 |     2 ||    13
       Lightning Bolt    |       |       |       |    11 |       ||    11
Evoke: Wand              |       |       |       |     3 |       ||     3
  Use: Scroll            |       |       |    10 |     8 |       ||    18
       Potion            |       |       |       |     2 |     1 ||     3
 Stab: Sleeping          |     2 |       |       |       |       ||     2
       Paralysed         |       |     2 |       |       |       ||     2
       Distracted        |       |       |     1 |     1 |       ||     2
       Confused          |       |       |     1 |       |       ||     1
       Petrified         |       |       |     1 |       |       ||     1
  Eat: Chunk             |     2 |    12 |    20 |    24 |       ||    58
       Ration            |       |       |     2 |     4 |       ||     6
Armor: Robe              |     6 |    23 |    75 |   147 |    19 ||   270
Dodge: Dodged            |    21 |    70 |   204 |   400 |    52 ||   747
Block: Buckler           |       |       |       |    87 |    19 ||   106
       Rpst.: Falchion   |       |       |    14 |    37 |       ||    51
